 Dungeon Crawl Stone Soup version 0.25.0-11-g1f837a76a1 (webtiles) character file.

Game seed: 1068791323004018925

13921 protoss039 the Earth Mage (level 11, 0/54 HPs)
             Began as a Deep Elf Earth Elementalist on June 28, 2020.
             Was a Priest of Vehumet.
             Slain by a cyclops (27 damage)
             ... on level 10 of the Dungeon.
             The game lasted 01:04:08 (13688 turns).

protoss039 the Earth Mage (DEEE)                   Turns: 13688, Time: 01:04:15

Health: 0/54       AC:  7    Str:  5    XL:     11   Next: 81%
Magic:  1/31       EV: 13    Int: 24    God:    Vehumet [***...]
Gold:   561        SH:  0    Dex: 15    Spells: 24/39 levels left

rFire    + . .     SeeInvis +   y - +4 quarterstaff (chaos)
rCold    . . .     Gourm    .   (shield currently unavailable)
rNeg     . . .     Faith    .   k - +2 robe {rF+}
rPois    .         Spirit   .   K - +0 helmet (curse)
rElec    .         Reflect  .   z - +0 cloak
rCorr    .         Harm     .   e - +0 pair of gloves
MR       +....                  (no boots)
Stlth    ++........             (no amulet)
HPRegen  0.18/turn              c - ring of wizardry
MPRegen  0.22/turn              G - ring of see invisible

@: no status effects
A: no striking features
a: Renounce Religion


You were on level 10 of the Dungeon.
You worshipped Vehumet.
Vehumet was most pleased with you.
You were not hungry.

You visited 3 branches of the dungeon, and saw 12 of its levels.

You collected 561 gold pieces.

Inventory:

Hand Weapons
 y - a +4 quarterstaff of chaos (weapon)
 B - a +3 spear of venom
Missiles
 b - 169 stones (quivered)
Armour
 e - a +0 pair of gloves (worn)
 k - a +2 robe of fire resistance (worn)
 z - a +0 cloak (worn)
 H - a +0 helmet
 J - a scarf of repulsion
 K - a cursed +0 helmet (worn)
Jewellery
 c - a ring of wizardry (left hand)
 n - an uncursed ring of flight
 q - an uncursed amulet of the acrobat {unknown}
 v - an uncursed ring of ice
 A - an uncursed amulet of magic regeneration {unknown}
 G - a ring of see invisible (right hand)
Wands
 o - a wand of clouds (2)
 t - a wand of enslavement (10)
 u - a wand of paralysis (4)
 w - a wand of polymorph (9)
Scrolls
 f - a scroll of identify
 h - 4 scrolls of remove curse
 i - 2 scrolls of enchant weapon
 m - 3 scrolls of immolation
 p - 3 scrolls of fog
 r - 2 scrolls of amnesia
 s - a scroll of torment {unknown}
 C - a scroll of enchant armour {unknown}
 D - a scroll of magic mapping {unknown}
 M - a scroll of blinking
Potions
 g - a potion of stabbing
 l - a potion of invisibility
 x - 2 potions of cancellation
 E - 2 potions of brilliance
 F - a potion of berserk rage {unknown}
 I - a potion of heal wounds {unknown}
 L - a potion of degeneration {unknown}
 N - a potion of resistance {unknown}
 O - a potion of might {unknown}
 P - a potion of mutation {unknown}
Comestibles
 d - 23 rations


   Skills:
 - Level 2.4 Dodging
 - Level 2.4 Stealth
 + Level 14.7 Spellcasting
 + Level 4.9 Conjurations
 + Level 1.7 Transmutations
 * Level 15.3 Earth Magic


You had 24 spell levels left.
You knew the following spells:

 Your Spells              Type           Power        Failure   Level  Hunger
a - Sandblast             Erth           ######       0%          1    None
b - Passwall              Tmut/Erth      ######..     1%          2    None
c - Stone Arrow           Conj/Erth      ######       1%          3    None
d - Petrify               Tmut/Erth      ######..     1%          4    None
e - Lee's Rapid Deconstr  Erth           ######....   1%          5    ##.....

Your spell library contained the following spells:

 Spells                   Type           Power        Failure   Level  Hunger
 Ignite Poison            Fire/Tmut/Pois ###.....     1%          3    None
 Beastly Appendage        Tmut           ####..       1%          1    None
 Corona                   Hex            ###....      1%          1    None
 Ensorcelled Hibernation  Hex/Ice        ###...       1%          2    None
 Sticks to Snakes         Tmut           ####....     1%          2    None
 Dazzling Flash           Conj/Hex       ####..       1%          3    None
 Spider Form              Tmut/Pois      ###.......   2%          3    None
 Confusing Touch          Hex            ###.....     4%          3    None
 Gell's Gravitas          Tloc           ###.......   4%          3    None
 Tukima's Dance           Hex            ###.....     4%          3    None
 Yara's Violent Unravell  Hex/Tmut       ###.......   8%          5    ##.....
 Ice Form                 Ice/Tmut       ###.....     9%          4    None
 Blade Hands              Tmut           ####......   17%         5    ##.....
 Metabolic Englaciation   Hex/Ice        ###.......   32%         5    ##.....


Dungeon Overview and Level Annotations

Branches:
Dungeon (10/15)            Temple (1/1) D:5            Lair (1/6) D:10
    Orc: D:9-12

Altars:
Ashenzari
Cheibriados
Dithmenos
Elyvilon
Fedhas
Gozag
Hepliaklqana
Kikubaaqudgha
Makhleb
Nemelex Xobeh
Okawaru
Qazlal
Ru
Sif Muna
Trog
Uskayaw
Vehumet
Wu Jian
Xom
Yredelemnul
Zin
The Shining One

Shops:
D:5 (   D:7 *[

Annotations:
Lair:1 exclusion: oklob plant


Message History

Aiming: Lee's Rapid Deconstruction (safe; 1% risk of failure)
Press: ? - help, Dir - move target cursor, f/p - cyclops Fragment what (e.g. wall or brittle monster)?: a cyclops, quivering 3 large rocks (petrified)
The cyclops shatters!!!
The cyclops is moderately wounded.
Unknown command.
Unknown command.
Casting: Lee's Rapid Deconstruction (safe; 1% risk of failure)
Confirm with . or Enter, or press ? or * to list all spells.
Aiming: Sandblast (safe; 0% risk of failure)
Press: ? - help, Shift-Dir - straight line, f/p - cyclops
Aim: a cyclops, quivering 3 large rocks (moderately wounded, petrified)
Okay, then.
The helpless cyclops fails to defend itself.
You hit the cyclops but do no damage.
The cyclops flickers and vanishes for a moment.
The cyclops is moderately wounded.
The cyclops is no longer petrified.
The cyclops hits you!!
Ouch! That really hurt!
You die...

#####.># .## #..#
########.###..#
.........!....#
..............#
JC..c.........#
...J..........#
....J......C..#
............@.#
.............<#
..............#
..%.....<.....#
..............#
...##############.#
#..# #.# #..# #.#
#..# #.#


You could see a cyclops (invisible).

Vanquished Creatures
  Harold (D:7)
  A hydra (Lair:1)
  A two-headed ogre (D:10)
  An oklob plant (Lair:1)
  A deep elf mage (D:7)
  Joseph (D:7)
  A spiny frog (Lair:1)
  A hellwing (D:10)
  3 komodo dragons
  2 trolls (D:9)
  2 hippogriffs (D:9)
  A slime creature (D:9)
  A meliai zombie (D:10)
  A spriggan (D:7)
  3 yaks (D:10)
  A basilisk (Lair:1)
  2 hungry ghosts
  Menkaure (D:4)
  Edmund (D:4)
  2 water moccasins (Lair:1)
  2 porcupines (Lair:1)
  3 ice beasts
  3 black bears
  4 orc warriors
  A sky beast (D:7)
  A phantom (D:5)
  4 necrophages (D:9)
  5 ogres
  4 centaurs
  A crocodile (Lair:1)
  2 big kobolds
  6 bullfrogs
  A gnoll sergeant (D:8)
  2 scorpions
  2 wyvern skeletons (D:10)
  4 wights (D:9)
  A howler monkey (D:2)
  A crimson imp (D:7)
  5 centaur zombies
  2 bullfrog zombies
  2 jellies
  A quasit (D:7)
  2 bullfrog skeletons
  4 orc priests
  Crazy Yiuf (D:3)
  7 hounds
  6 orc wizards
  4 centaur skeletons
  A gnoll shaman (D:7)
  7 iguanas
  7 worker ants
  2 mummies (D:9)
  A howler monkey zombie (D:5)
  3 worker ant zombies
  11 gnolls
  11 adders
  5 shadow imps
  2 adder skeletons
  2 adder zombies (D:9)
  4 worms
  A dart slug (D:3)
  3 leopard geckos
  26 orcs
  10 giant cockroaches
  13 goblins
  7 hobgoblins
  13 jackals
  14 kobolds
  4 quokkas
  2 ball pythons
  3 bats
  13 frilled lizards
  A jackal skeleton (D:4)
  A leopard gecko skeleton (D:5)
  A quokka zombie (D:9)
  7 rats
  A withered plant (D:9)
285 creatures vanquished.

Vanquished Creatures (others)
  3 plants
  6 withered plants (D:10)
9 creatures vanquished.

Grand Total: 294 creatures vanquished

Notes
Turn   | Place    | Note
-------+----------+-------------------------------------------
     0 | D:1      | protoss039 the Deep Elf Earth Elementalist began the quest
                  | for the Orb.
     0 | D:1      | Reached XP level 1. HP: 10/10 MP: 6/6
   390 | D:1      | Reached XP level 2. HP: 15/15 MP: 8/8
  1041 | D:2      | Reached skill level 4 in Earth Magic
  1181 | D:2      | Found a shattered altar of Ashenzari.
  1186 | D:2      | Reached XP level 3. HP: 13/19 MP: 5/10
  1536 | D:2      | Reached XP level 4. HP: 20/24 MP: 4/12
  1848 | D:2      | Reached skill level 5 in Spellcasting
  1925 | D:2      | Learned a level 2 spell: Passwall
  2003 | D:3      | Reached skill level 5 in Earth Magic
  2006 | D:3      | Reached XP level 5. HP: 28/28 MP: 9/14
  2215 | D:3      | Noticed a black bear
  2229 | D:3      | Killed a black bear
  2290 | D:3      | Learned a level 3 spell: Stone Arrow
  2329 | D:3      | Reached XP level 6. HP: 32/32 MP: 10/17
  2446 | D:3      | Found a sparkling altar of Nemelex Xobeh.
  2446 | D:3      | Found a shimmering altar of Xom.
  2446 | D:3      | Found a hazy altar of Hepliaklqana.
  2447 | D:3      | Found an opulent altar of Gozag.
  2573 | D:3      | Found a runed translucent door.
  2574 | D:3      | Noticed Crazy Yiuf
  2890 | D:3      | Killed Crazy Yiuf
  2890 | D:3      | Reached skill level 6 in Earth Magic
  3054 | D:4      | Noticed Menkaure
  3057 | D:4      | Killed Menkaure
  3162 | D:4      | Noticed Edmund
  3421 | D:4      | Killed Edmund
  3421 | D:4      | Reached XP level 7. HP: 30/36 MP: 8/20
  4338 | D:5      | Entered Level 5 of the Dungeon
  4344 | D:5      | Reached skill level 1 in Conjurations
  4344 | D:5      | Reached skill level 7 in Earth Magic
  4645 | D:5      | Found Ugach's Weapon Shop.
  4661 | D:5      | Reached XP level 8. HP: 24/41 MP: 2/22
  4727 | D:5      | Reached skill level 8 in Earth Magic
  4966 | D:5      | Found a staircase to the Ecumenical Temple.
  4985 | Temple   | Entered the Ecumenical Temple
  5078 | Temple   | Became a worshipper of Vehumet
  5882 | D:6      | Reached skill level 9 in Earth Magic
  5939 | D:6      | Reached skill level 10 in Spellcasting
  6576 | D:6      | Learned a level 4 spell: Petrify
  6582 | D:6      | Learned a level 5 spell: Lee's Rapid Deconstruction
  6583 | D:7      | Found Covyew's Antique Armour Emporium.
  6769 | D:7      | Found Zin's Purification Station.
  6770 | D:7      | Found a glowing silver altar of Zin.
  6842 | D:7      | Reached XP level 9. HP: 45/45 MP: 22/25
  6922 | D:7      | Noticed Harold
  6928 | D:7      | Killed Harold
  6928 | D:7      | Reached skill level 10 in Earth Magic
  6937 | D:7      | Noticed Joseph
  6956 | D:7      | Killed Joseph
  6956 | D:7      | Reached skill level 11 in Earth Magic
  7935 | D:7      | Noticed a deep elf mage
  7944 | D:7      | Killed a deep elf mage
  8513 | D:8      | Reached XP level 10. HP: 50/50 MP: 5/27
  9296 | D:9      | Reached skill level 12 in Earth Magic
  9427 | D:9      | Reached * piety under Vehumet
  9427 | D:9      | Offered knowledge of Freeze by Vehumet.
 10068 | D:9      | Reached skill level 13 in Earth Magic
 10505 | D:9      | Offered knowledge of Foxfire by Vehumet.
 10508 | D:9      | Reached ** piety under Vehumet
 10954 | D:10     | Entered Level 10 of the Dungeon
 10996 | D:10     | Noticed a cyclops
 11166 | D:10     | Found a staircase to the Lair.
 11231 | D:10     | Offered knowledge of Conjure Flame by Vehumet.
 11508 | D:10     | Reached XP level 11. HP: 54/54 MP: 24/30
 11551 | D:10     | Reached skill level 14 in Earth Magic
 11669 | D:10     | Reached *** piety under Vehumet
 11944 | D:10     | Noticed a two-headed ogre
 11955 | D:10     | Killed a two-headed ogre
 11972 | Lair:1   | Entered Level 1 of the Lair of Beasts
 12654 | Lair:1   | Noticed a four-headed hydra
 12661 | Lair:1   | Killed a four-headed hydra
 12674 | Lair:1   | Reached skill level 15 in Earth Magic
 13164 | Lair:1   | Noticed an oklob plant
 13164 | Lair:1   | Noticed an oklob plant
 13169 | Lair:1   | Killed an oklob plant
 13169 | Lair:1   | Offered knowledge of Ignite Poison by Vehumet.
 13688 | D:10     | Slain by a cyclops

Illustrated notes

Levels and vault maps discovered:
D:1:      sevenhm_arrival_forest_fort_large_3, layout_basic
D:2:      layout_rooms, lemuel_crystal_altar
D:3:      layout_basic, chequers_temple_overflow_statue_of_worship,
          first_ration, uniq_crazy_yiuf_cottage
D:4:      layout_basic, uniq_menkaure, uniq_edmund
D:5:      layout_basic, minmay_temple_entry_gardened_gates, serial_shops,
          nicolae_shop_waterfront
D:6:      layout_basic, minmay_puff
D:7:      layout_loops_corners, zin_purify, serial_shops,
          nicolae_shop_waterfront, the_bakery, guppyfry_early_elven_hall,
          uniq_harold, uniq_joseph
D:8:      layout_basic
D:9:      layout_roguey, serial_undead, serial_undead_b, serial_undead_d,
          serial_undead_f, serial_undead_e, serial_undead_f, serial_undead_c,
          serial_undead_a
D:10:     cheibrodos_grave_circle, layout_long_grid, david_lair_shrubbed,
          amethyst_killhole
Temple:   lightli_temple_of_artemis
Lair:1:   layout_chaotic_city, enter_volcano_1, minmay_lair_oklob_chamber,
          lemuel_fruit_tree

Skill      XL: |  1  2  3  4  5  6  7  8  9 10 11 |
---------------+----------------------------------+-----
Earth Magic    | 4 5 6 7 9 11 13 15 | 15.3
Spellcasting   | 4 5 6 7 8 10 11 13 14 | 14.7
Conjurations   | 2 3 4 |  4.9
Dodging        | |  2.4
Stealth        | |  2.4
Transmutations | |  1.7

Action                   |  1- 3 |  4- 6 |  7- 9 | 10-12 || total
-------------------------+-------+-------+-------+-------++-------
Melee: Short sword       |    36 |    20 |       |       ||    56
       Unarmed           |     1 |       |       |       ||     1
       Quarterstaff      |       |       |    21 |    19 ||    40
Throw: Stone             |       |       |     1 |       ||     1
 Cast: Sandblast         |    42 |    69 |    51 |    90 ||   252
       Stone Arrow       |       |     6 |    73 |    89 ||   168
       Passwall          |       |     1 |     2 |       ||     3
       Lee's Rapid Decon |       |       |     8 |    63 ||    71
       Petrify           |       |       |       |     1 ||     1
  Use: Potion            |     3 |     1 |     2 |     5 ||    11
       Scroll            |       |       |    15 |     3 ||    18
 Stab: Sleeping          |     2 |       |     1 |     2 ||     5
       Paralysed         |       |       |       |     6 ||     6
       Petrified         |       |       |       |     1 ||     1
  Eat: Chunk             |     2 |     5 |    10 |    11 ||    28
       Ration            |       |       |     2 |     3 ||     5
Armor: Robe              |    12 |     3 |    11 |    28 ||    54
       Skin              |       |       |     7 |    12 ||    19
Dodge: Dodged            |    50 |    22 |    26 |    81 ||   179
